 Dungeon Crawl Stone Soup version 0.14-a0-586-g2535b90 (webtiles) character file.

788 4tharraofdagon the Chopper (level 7, -8/68 HPs)
             Began as a Troll Berserker on Nov 3, 2013.
             Was a Believer of Trog.
             Mangled by a wandering mushroom (18 damage)
             ... on Level 8 of the Dungeon.
             The game lasted 00:05:39 (1220 turns).

4tharraofdagon the Chopper (Troll Berserker)        Turns: 1220, Time: 00:05:39

HP  -8/68        AC  5     Str 28      XL: 7   Next: 25%
MP   4/4         EV 10     Int  3      God: Trog [**....]
Gold 151         SH  0     Dex  9      Spells:  0 memorised,  6 levels left

Res.Fire  : . . .   See Invis. : .   i - +1,+0 orc hand axe
Res.Cold  : . . .   Warding    : .   b - +0 animal skin
Life Prot.: . . .   Conserve   : .   (shield restricted)
Res.Poison: .       Res.Corr.  : .   (helmet restricted)
Res.Elec. : .       Clarity    : .   (no cloak)
Sust.Abil.: . .     Spirit.Shd : .   (gloves unavailable)
Res.Mut.  : .       Stasis     : .   (boots unavailable)
Res.Rott. : .       Flight     : .   (no amulet)
Gourmand  : +                        (no ring)
                                     (no ring)

@: confused, mildly poisoned, slightly resistant to hostile enchantments,
extremely unstealthy
A: unfitting armour, claws 3, fast metabolism 3, gourmand, regeneration 2,
saprovore 2, tough skin 2, AC +1
a: Burn Spellbooks, Berserk, Trog's Hand, Renounce Religion


You were on level 8 of the Dungeon.
You worshipped Trog.
Trog was pleased with you.
You were not hungry.

You visited 1 branch of the dungeon, and saw 8 of its levels.

You collected 151 gold pieces.

Inventory:

Hand weapons
 a - a +0,+0 hand axe
 i - a +1,+0 orcish hand axe (weapon)
Armour
 b - a +0 animal skin (worn)
Magical devices
 d - a wand of lightning (7)
Comestibles
 c - 2 meat rations
 l - an apple
Scrolls
 e - a scroll of immolation {unknown}
 g - a scroll of magic mapping {unknown}
 h - a scroll of random uselessness {unknown}
 j - a scroll of blinking {unknown}
 p - a scroll of fear
Jewellery
 m - an uncursed ring of teleportation
Potions
 f - a potion of heal wounds
 k - a potion of curing
Books
 n - a book of Flames

   Spells                             Type                      Level
   Flame Tongue                       Conjuration/Fire             1
   Throw Flame                        Conjuration/Fire             2
   Conjure Flame                      Conjuration/Fire             3
   Inner Flame                        Hexes/Fire                   3
   Sticky Flame                       Conjuration/Fire             4
   Fireball                           Conjuration/Fire             5
   Trog disapproves of the use of such an item.


   Skills:
 - Level 2.4 Fighting
 * Level 6.6 Axes
 - Level 2.6 Dodging
 + Level 2.2 Evocations


You had 6 spell levels left.
You didn't know any spells.

Dungeon Overview and Level Annotations

Branches:
Dungeon (8/27)
 Temple: D:4-7          Orc: D:6-11        Lair: D:8-13

Altars:
Sif Muna


Innate Abilities, Weirdness & Mutations

You are too large for most types of armour.
You have claws for hands.
Your metabolism is lightning-fast.
You like to eat raw meat.
You heal very quickly.
You can eat rotten meat.
You are covered in fur (AC +1).
You have very tough skin (AC +2).


Message History

The wandering mushroom is severely damaged.
The wandering mushroom hits you!
You are engulfed in a cloud of spores!
You are confused.
Ouch! You feel less confused. The wandering mushroom hits you!
* * * LOW HITPOINT WARNING * * *
You are engulfed in a cloud of spores!
You are confused.
* * * LOW HITPOINT WARNING * * *
You feel sick.
The wandering mushroom closely misses you.
The wandering mushroom hits you.
* * * LOW HITPOINT WARNING * * *
You are engulfed in a cloud of spores!
You are more confused.
Ouch!
* * * LOW HITPOINT WARNING * * *
You feel sick. The wandering mushroom hits you!
You die...

#......# #.# ♣♣
♣♣.....########.#
♣♣.♣♣♣♣..........##<#
♣f♣%♣♣..........(##(#
♣.♣♣.♣.........(##.#
♣♣.♣.♣....###.####.#
♣♣.♣.♣....# #.####.#
♣♣f♣.♣....###.......
♣♣@♣♣.............#
♣♣♣♣###############
#####


You could see 2 wandering mushrooms.

Vanquished Creatures
  Eustachio (D:6)
  Edmund (D:6)
  2 ogres (D:4)
  A centaur (D:6)
  A hound (D:4)
  A scorpion (D:8)
  An ogre skeleton (D:6)
  2 adders
  A white imp (D:6)
  A giant mite (D:6)
  A worm (D:3)
  2 giant eyeballs
  2 giant geckos (D:4)
  An ooze (D:4)
  3 orcs
  2 hobgoblins
  A quokka (D:2)
  4 bats
  A giant cockroach zombie (D:6)
  2 goblins (D:2)
  2 kobolds
  2 rats (D:2)
35 creatures vanquished.

Notes
Turn   | Place    | Note
--------------------------------------------------------------
     0 | D:1      | 4tharraofdagon, the Troll Berserker, began the quest for the Orb.
     0 | D:1      | Reached XP level 1. HP: 23/23 MP: 0/0
   265 | D:2      | Reached skill level 3 in Axes
   265 | D:2      | Reached XP level 2. HP: 5/31 MP: 0/0
   386 | D:3      | Reached XP level 3. HP: 10/37 MP: 1/1
   413 | D:3      | Found a deep blue altar of Sif Muna.
   451 | D:4      | Noticed an ogre
   452 | D:4      | Noticed an ogre
   459 | D:4      | Paralysed by a giant eyeball for 3 turns
   493 | D:4      | Killed an ogre
   493 | D:4      | Reached skill level 4 in Axes
   493 | D:4      | Reached XP level 4. HP: 46/46 MP: 1/1
   498 | D:4      | Killed an ogre
   498 | D:4      | Reached skill level 5 in Axes
   498 | D:4      | Reached XP level 5. HP: 53/53 MP: 1/1
   669 | D:5      | Entered Level 5 of the Dungeon
   722 | D:6      | Noticed a centaur
   734 | D:6      | Killed a centaur
   734 | D:6      | Reached XP level 6. HP: 21/61 MP: 2/2
   790 | D:6      | Noticed Edmund
   807 | D:6      | Killed Edmund
   807 | D:6      | Acquired Trog's second power
   807 | D:6      | Reached skill level 6 in Axes
   807 | D:6      | Reached skill level 1 in Evocations
   891 | D:6      | Noticed Eustachio
   907 | D:6      | Killed Eustachio
   907 | D:6      | Reached XP level 7. HP: 68/68 MP: 3/4
  1155 | D:8      | Noticed a wandering mushroom
  1156 | D:8      | Noticed a wandering mushroom
  1220 | D:8      | Mangled by a wandering mushroom

Action                   |  1- 3 |  4- 6 |  7- 9 || total
-------------------------+-------+-------+-------++-------
Melee: Hand axe          |    74 |    49 |    34 ||   157
Invok: Berserk           |     3 |     3 |     1 ||     7
Evoke: Wand              |       |     1 |       ||     1
  Use: Potion            |     2 |       |       ||     2
       Scroll            |       |     3 |     1 ||     4
